AoeStats
← GordoBot

Arabia

510612606Analyzed
1v1 RM · 1d ago on Oct 1, 2026· 47m 4s· 2 players
Game mode
Random Map
Map size
Tiny (2 player)
Population
200
Speed
Normal
Resources
Standard
Victory
Conquest
Starting age
Dark Age
Ending age
Imperial Age
RankedLock teamsTeams togetherTeam positionsShared explorationLock speedFull tech treeHidden civsTurbo modeCheats
Victory
Defeat
🇺🇸 Khmer · United States
1023
+15
🇦🇷 Mongols · Argentina
1000
-15
GordoBot
2:50 Loom
11:54 Feudal Age
16:07 Castle Age
15:01 Double-Bit Axe
19:05 Town Watch
19:33 Bloodlines
21:01 Husbandry
24:01 Gold Mining
25:12 Pikeman
27:24 Scale Barding Armor
27:48 Squires
28:27 Scale Mail Armor
32:05 Wheelbarrow
32:03 Forging
32:38 Bow Saw
33:15 Horse Collar
35:42 Chain Mail Armor
35:48 Hand Cart
40:23 Imperial Age
38:27 Stone Mining
39:32 Iron Casting
39:26 Arson
41:05 Chain Barding Armor
42:07 Blast Furnace
40:57 Heavy Camel Rider
42:29 Plate Mail Armor
45:41 Conscription
RealBaconEater
11:53 Feudal Age
12:02 Loom
15:02 Castle Age
16:47 Double-Bit Axe
18:09 Bow Saw
17:50 Horse Collar
23:40 Pikeman
25:48 Scale Barding Armor
29:37 Forging
29:48 Chain Barding Armor
29:27 Town Watch
30:18 Wheelbarrow
30:04 Heavy Plow
32:02 Iron Casting
31:29 Scale Mail Armor
32:23 Gold Mining
32:23 Stone Mining
34:06 Town Patrol
35:51 Bloodlines
35:42 Husbandry
36:11 Light Cavalry
38:25 Fletching
39:26 Masonry
39:41 Ballistics
39:23 Bodkin Arrow
43:24 Imperial Age
42:44 Hand Cart
43:22 Chain Mail Armor
44:34 Conscription
43:41 Hussar
46:21 Chemistry
45:53 Architecture
46:14 Bracer
46:50 Plate Barding Armor
Connection lost

Rejoining the realm…

Still unreachable

The connection could not be restored.

Session expired

The server has moved on; the page needs a fresh start.